 Dungeon Crawl Stone Soup version 0.20-a0-1127-g1289703 (webtiles) character file.

2438 Naow the Conjurer (level 9, -4/51 HPs)
             Began as an Octopode Fire Elementalist on May 18, 2017.
             Was a Believer of Vehumet.
             Shot with a bolt by a big kobold (10 damage)
             ... on level 7 of the Dungeon.
             The game lasted 00:16:51 (11056 turns).

Naow the Conjurer (Octopode Fire Elementalist)     Turns: 11056, Time: 00:16:52

Health: -4/51      AC:  1    Str:  5    XL:     9   Next: 49%
Magic:  8/20       EV: 14    Int: 21    God:    Vehumet [**....]
Gold:   420        SH:  0    Dex: 16    Spells: 7/22 levels left

rFire    + + .     SeeInvis .   A - staff of fire
rCold    x . .     Gourm    .   (no shield)
rNeg     + . .     Faith    .   (helmet restricted)
rPois    .         Spirit   .   (no amulet)
rElec    .         Reflect  .   f - ring of flight
rCorr    .         Harm     .   g - ring of fire
MR       .....                  i - ring of positive energy
Stlth    +++.......             n - -2 ring of strength (curse)
Regen    0.2/turn               x - +4 ring of dexterity
MPRegen  0.2/turn               (no ring)
                                (no ring)
                                (no ring)

@: no status effects
A: almost no armour, stealthy swim, amphibious, 8 rings, constrict 8, camouflage
1, gelatinous body 1
a: Renounce Religion, Evoke Flight


You were on level 7 of the Dungeon.
You worshipped Vehumet.
Vehumet was pleased with you.
You were hungry.

You visited 2 branches of the dungeon, and saw 8 of its levels.

You collected 420 gold pieces.

Inventory:

Hand Weapons
 y - a +0 hand axe
Missiles
 C - 8 needles of sleeping
Magical Staves
 A - an uncursed staff of fire (weapon)
Jewellery
 f - a ring of flight (left tentacle)
 g - a ring of fire (right tentacle)
 i - a ring of positive energy (on tentacle)
 n - a cursed -2 ring of strength (on tentacle)
 r - the cursed necklace of Bloodlust {*Rage +Rage MR++ Int-3 Slay+6 *Curse}
   (You found it on level 4 of the Dungeon)

   [amulet of rage]

   It affects your intelligence (-3).
   It affects your accuracy and damage with ranged weapons and melee attacks
   (+6).
   It affects your resistance to hostile enchantments.
   It lets you go berserk.
   It may make you go berserk in combat.
   It curses itself when equipped.
   It has a curse placed upon it.
 x - a +4 ring of dexterity (on tentacle)
Wands
 u - a wand of lightning (3/15)
 B - a wand of polymorph (5/24)
 D - a wand of lightning (2/15)
Scrolls
 d - 3 scrolls of amnesia {unknown}
 e - 9 scrolls of identify {unknown}
 h - 2 scrolls of noise {unknown}
 j - a scroll of recharging {unknown}
 l - a scroll of enchant weapon {unknown}
 m - 2 scrolls of remove curse {unknown}
 o - a scroll of fog {unknown}
 t - 2 scrolls of fear {unknown}
 v - a scroll of immolation {unknown}
 w - a scroll of teleportation {unknown}
Potions
 k - 2 potions of invisibility {unknown}
 p - a potion of cancellation {unknown}
 q - 2 potions of lignification {unknown}
 z - a potion of resistance {unknown}
 E - a potion of curing {unknown}
Books
 a - a book of Flames

   Spells                             Type                      Level
   a - Flame Tongue                   Conjuration/Fire             1
   b - Throw Flame                    Conjuration/Fire             2
   c - Conjure Flame                  Conjuration/Fire             3
   d - Inner Flame                    Hexes/Fire                   3
   e - Sticky Flame                   Conjuration/Fire             4
   f - Fireball                       Conjuration/Fire             5
Comestibles
 b - 6 bread rations
 c - 4 meat rations
 s - 5 fruits


   Skills:
 - Level 2.0 Dodging
 - Level 2.6 Stealth
 * Level 7.4 Spellcasting
 * Level 7.6 Conjurations
 + Level 6.7 Fire Magic


You had 7 spell levels left.
You knew the following spells:

 Your Spells              Type           Power        Failure   Level  Hunger
a - Flame Tongue          Conj/Fire      #####        1%          1    None
b - Throw Flame           Conj/Fire      ######       1%          2    None
c - Conjure Flame         Conj/Fire      ######..     1%          3    None
d - Sticky Flame          Conj/Fire      ######..     4%          4    ###....
e - Fireball              Conj/Fire      ######....   12%         5    #####..


Dungeon Overview and Level Annotations

Branches:
Dungeon (7/15)             Temple (1/1) D:4

Altars:
Ashenzari
Cheibriados
Dithmenos
Elyvilon
Hepliaklqana
Makhleb
Nemelex Xobeh
Okawaru
Ru
Sif Muna
Trog
Uskayaw
Vehumet
Yredelemnul
Zin
The Shining One

Shops:
D:4 (*


Innate Abilities, Weirdness & Mutations

You cannot wear most types of armour.
You are very stealthy in the water. (Stealth+)
You are amphibious.
You can wear up to eight rings at the same time.
You can use your tentacles to constrict eight enemies at once.
Your skin changes colour to match your surroundings (Stealth+).
Your rubbery body absorbs attacks. (AC +1, EV +1)


Message History

Casting: Flame Tongue
Confirm with . or Enter, or press ? or * to list all spells.
Aiming: Flame Tongue
Press: ? - help, Shift-Dir - straight line, f/p - big kobold
Aim: a big kobold, wielding a hand crossbow of freezing (moderately wounded)
You feel a strong surge of power!
The flame tongue hits the big kobold.
The big kobold is severely wounded.
The big kobold shoots a bolt.
The bolt hits you.
* * * LOW HITPOINT WARNING * * *
The bolt freezes you.
* * * LOW HITPOINT WARNING * * *
Casting: Flame Tongue
Confirm with . or Enter, or press ? or * to list all spells.
Aiming: Flame Tongue
Press: ? - help, Shift-Dir - straight line, f/p - big kobold
Aim: a big kobold, wielding a hand crossbow of freezing (severely wounded)
You feel a strong surge of power!
The flame tongue hits the big kobold.
The big kobold is severely wounded.
The big kobold shoots a bolt.
The bolt hits you!
You die...

........#
#.#
........#
#.#
#.......#
#.#
........#
##.####
........#
#.....#
........#
#..##.#
...##.###
#..#<.##
...##.#
#..#...#
...##.#
#(@#####
#####.#
#..ยง)(.#
#.#
#.###K##
#####.#
.. #
......#
...
#######
####


You could see a big kobold.

Vanquished Creatures
  Joseph (D:7)
  The ghost of morbho the Vexing, an amateur GnEn (D:3)
  2 orc warriors
  A sky beast (D:7)
  An ice beast (D:6)
  A necrophage (D:7)
  3 big kobolds
  A wyvern skeleton (D:7)
  A scorpion (D:6)
  3 wights (D:6)
  A howler monkey (D:4)
  2 crimson imps
  2 bullfrog skeletons
  A gnoll shaman (D:6)
  3 hounds
  A jelly (D:5)
  A centaur skeleton (D:4)
  An iguana (D:7)
  5 orc wizards
  5 worker ants
  A killer bee zombie (D:6)
  A hound skeleton (D:5)
  19 gnolls
  8 adders
  A shadow imp (D:7)
  2 oozes
  An adder skeleton (D:4)
  3 worms
  A dart slug (D:3)
  6 leopard geckos
  17 orcs
  4 giant cockroaches
  43 goblins
  18 hobgoblins
  4 jackals (D:5)
  12 kobolds
  6 quokkas
  A ball python skeleton (D:6)
  11 bats
  3 frilled lizards
  A giant cockroach zombie (D:6)
  A jackal skeleton (D:7)
  A leopard gecko skeleton (D:5)
  2 leopard gecko zombies
  2 quokka zombies
  10 rats
216 creatures vanquished.

Vanquished Creatures (others)
  A wizard (D:5)
1 creature vanquished.

Grand Total: 217 creatures vanquished

Notes
Turn   | Place    | Note
-------+----------+-------------------------------------------
     0 | D:1      | Naow the Octopode Fire Elementalist began the quest for the Orb.
     0 | D:1      | Reached XP level 1. HP: 11/11 MP: 3/3
   570 | D:1      | Reached XP level 2. HP: 17/17 MP: 3/5
   966 | D:1      | Reached XP level 3. HP: 21/21 MP: 4/6
  1683 | D:2      | Learned a level 2 spell: Throw Flame
  1687 | D:2      | Learned a level 3 spell: Conjure Flame
  1697 | D:2      | Found a burning altar of Makhleb.
  1705 | D:2      | Reached XP level 4. HP: 13/27 MP: 0/8
  2734 | D:2      | Reached XP level 5. HP: 31/31 MP: 7/9
  2740 | D:2      | Learned a level 4 spell: Sticky Flame
  3325 | D:3      | Noticed morbho's ghost (amateur GnEn)
  3336 | D:3      | Killed morbho's ghost
  3336 | D:3      | Reached XP level 6. HP: 31/36 MP: 5/11
  4621 | D:3      | Reached XP level 7. HP: 41/41 MP: 6/13
  4929 | D:3      | Reached skill level 5 in Fire Magic
  5560 | D:3      | Learned a level 5 spell: Fireball
  5719 | D:4      | Found Yqin's General Store.
  5925 | D:4      | Found a staircase to the Ecumenical Temple.
  5945 | Temple   | Entered the Ecumenical Temple
  6029 | Temple   | Became a worshipper of Vehumet
  6480 | D:4      | Reached skill level 5 in Spellcasting
  6655 | D:4      | Found Toanou's Weapon Boutique.
  6710 | D:4      | Found a sacrificial altar of Ru.
  6951 | D:5      | Entered Level 5 of the Dungeon
  6954 | D:5      | Found a shadowy altar of Dithmenos.
  7005 | D:5      | Found a shattered altar of Ashenzari.
  7115 | D:5      | Reached skill level 5 in Conjurations
  7197 | D:5      | Reached XP level 8. HP: 46/46 MP: 8/15
  7838 | D:5      | Found a bloodstained altar of Trog.
  7859 | D:5      | Noticed a wizard
  7865 | D:5      | Killed a wizard
  8156 | D:5      | Found a snail-covered altar of Cheibriados.
  8157 | D:5      | Found a white marble altar of Elyvilon.
  8695 | D:6      | Reached * piety under Vehumet
  8695 | D:6      | Offered knowledge of Magic Dart by Vehumet.
  9919 | D:7      | Reached XP level 9. HP: 51/51 MP: 4/19
 10394 | D:7      | Noticed a hand axe
 10398 | D:7      | Noticed a hand axe
 10409 | D:7      | Found a hide-covered altar of Uskayaw.
 10412 | D:7      | Noticed Joseph
 10506 | D:7      | Killed Joseph
 11049 | D:7      | Reached ** piety under Vehumet
 11050 | D:7      | Offered knowledge of Sting by Vehumet.
 11056 | D:7      | Shot with a bolt by a big kobold

Vault maps used:
D:1:      evilmike_arrival_run_for_it, serial_park_tiny_2
D:2:      first_bread, makhleb_heckhound_becter
D:3:      minmay_goblin_kobold_castle
D:4:      temple_pool_b, serial_shops, nicolae_shop_trees, nicolae_shop_crystal,
          nicolae_ru_path_of_blood
D:5:      gammafunk_temple_overflow_pools, nicolae_dithmenos_the_darkroom,
          nicolae_overflow_crystal_walls, nrook_pool_corridor, st_stairs_3,
          minmay_statues_item, trog_wizard
D:7:      dancing_weapons_uskayaw, uniq_joseph
Temple:   zaba_magenta_temple

Skill      XL: |  1  2  3  4  5  6  7  8  9 |
---------------+----------------------------+-----
Conjurations   | 2 3 4 5 6 7 |  7.6
Spellcasting   | 3 4 5 6 7 |  7.4
Fire Magic     | 4 5 6 |  6.7
Dodging        | |  2.0
Stealth        | |  2.6

Action                   |  1- 3 |  4- 6 |  7- 9 || total
-------------------------+-------+-------+-------++-------
Melee: Unarmed           |     7 |     6 |     6 ||    19
       Constrict         |     2 |     1 |     8 ||    11
       Tentacles         |       |     2 |    10 ||    12
       Hand axe          |       |       |    16 ||    16
       Staff             |       |       |     3 ||     3
 Cast: Flame Tongue      |    47 |   109 |   231 ||   387
       Throw Flame       |       |    20 |    47 ||    67
       Sticky Flame      |       |       |    11 ||    11
       Conjure Flame     |       |       |     3 ||     3
       Fireball          |       |       |     1 ||     1
 Stab: Sleeping          |       |       |     1 ||     1
  Eat: Chunk             |     3 |     7 |    17 ||    27
       Fruit             |       |       |     2 ||     2
       Royal jelly       |       |       |     2 ||     2
Armor: Skin              |     4 |     5 |     6 ||    15
Dodge: Dodged            |    23 |    30 |    61 ||   114
